 Dungeon Crawl Stone Soup version 0.20.1-1-g8b1a95d66d (webtiles) character file.

60 Hvezdomuz the Vexing (level 3, 0/27 HPs)
             Began as a Draconian Enchanter on Dec 2, 2017.
             Slain by a gnoll
             ... wielding a cursed -1 flail
              (6 damage)
             ... on level 2 of the Dungeon.
             The game lasted 00:08:17 (1675 turns).

Hvezdomuz the Vexing (Draconian Enchanter)          Turns: 1675, Time: 00:08:17

Health: 0/27       AC:  5    Str: 10    XL:     3   Next: 82%
Magic:  2/6        EV: 12    Int: 15    God:
Gold:   94         SH:  0    Dex: 12    Spells: 0/6 levels left

rFire    . . .     SeeInvis .   a - +1 dagger
rCold    . . .     Gourm    .   (no shield)
rNeg     . . .     Faith    .   (armour unavailable)
rPois    .         Spirit   .   (helmet restricted)
rElec    .         Reflect  .   (no cloak)
rCorr    .         Harm     .   (no gloves)
MR       .....                  (no boots)
Stlth    ++........             (no amulet)
Regen    0.1/turn               (no ring)
MPRegen  0.1/turn               (no ring)

@: berserk cooldown, slowed, very slow
A: unfitting armour, cold-blooded, AC +5
a: no special abilities


You were on level 2 of the Dungeon.
You were not hungry.

You visited 1 branch of the dungeon, and saw 2 of its levels.

You collected 94 gold pieces.

Inventory:

Hand Weapons
 a - a +1 dagger (weapon)
Jewellery
 h - an uncursed ring of protection from cold {unknown}
Scrolls
 d - 2 scrolls of enchant weapon {unknown}
 e - a scroll of identify {unknown}
 g - 2 scrolls of recharging {unknown}
 i - a scroll of enchant armour {unknown}
 l - a scroll of remove curse {unknown}
Potions
 f - a potion of might {unknown}
 k - 2 potions of berserk rage
Books
 b - a book of Maledictions

   Spells                             Type                      Level
   a - Corona                         Hexes                        1
   b - Ensorcelled Hibernation        Hexes/Ice                    2
   c - Confuse                        Hexes                        3
   d - Tukima's Dance                 Hexes                        3
   e - Dazzling Spray                 Conjuration/Hexes            3
Comestibles
 c - a bread ration
 j - a royal jelly


   Skills:
 + Level 0.4 Fighting
 + Level 1.7 Short Blades
 + Level 2.1 Dodging
 + Level 3.2 Stealth
 + Level 2.2 Spellcasting
 + Level 3.2 Hexes


You couldn't memorise any spells.
You knew the following spells:

 Your Spells              Type           Power        Failure   Level  Hunger
a - Corona                Hex            ##.....      5%          1    #......
b - Ensorcelled Hibernat  Hex/Ice        #.....       17%         2    ###....
c - Tukima's Dance        Hex            ##......     17%         3    ###....


Dungeon Overview and Level Annotations

Branches:
Dungeon (2/15)

Altars:


Innate Abilities, Weirdness & Mutations

Your plain brown scales are hard. (AC +5)
You cannot fit into any form of body armour.
You are cold-blooded and may be slowed by cold attacks.


Message History

The dart slug is severely wounded.
The gnoll hits you with an enchanted flail!
* * * LOW HITPOINT WARNING * * *
It was a potion of berserk rage.
A red film seems to cover your vision as you go berserk!
You feel yourself moving faster!
You feel mighty! The gnoll hits you but does no damage.
The dart slug barely misses you.
You puncture the dart slug!
You kill the dart slug!
The gnoll hits you with an enchanted flail.
* * * LOW HITPOINT WARNING * * *
You see here a dart slug corpse.
You feel a strong urge to attack something.
There is an escape hatch in the ceiling here.
You feel your anger subside.
You are no longer berserk.
You are exhausted.
You feel yourself slow down.
The gnoll hits you with an enchanted flail.
You die...

#..# .##. .# # #.<###.##.##
.# #. #......##... .# ...
#...(......## ##.#
....#.....#.##..## ##.#
...........#.....###..#
............##÷##.#..<#
....###.######.###.#..##
.........g@###.#####...#
#.#.###.##..........>..####
# #.######.[..........# #.#
#######.#.##.# #.# #.#.##.#
#.############.#.##.#
#...g<†.........>....
###################.. ###


You could see a gnoll.

Vanquished Creatures
  3 gnolls (D:2)
  A dart slug (D:2)
  A leopard gecko (D:1)
  A ball python (D:1)
  2 giant cockroaches (D:1)
  5 hobgoblins (D:1)
  7 jackals (D:1)
  3 bats (D:1)
  3 frilled lizards
  A goblin (D:1)
  2 kobolds
  A rat (D:1)
30 creatures vanquished.

Notes
Turn   | Place    | Note
-------+----------+-------------------------------------------
     0 | D:1      | Hvezdomuz the Draconian Enchanter began the quest for the Orb.
     0 | D:1      | Reached XP level 1. HP: 14/14 MP: 3/3
   564 | D:1      | Reached XP level 2. HP: 17/20 MP: 1/5
   772 | D:1      | Learned a level 2 spell: Ensorcelled Hibernation
  1244 | D:1      | Reached XP level 3. HP: 17/26 MP: 3/6
  1251 | D:1      | Learned a level 3 spell: Tukima's Dance
  1675 | D:2      | Slain by a gnoll

Skill      XL: |  1  2  3 |
---------------+----------+-----
Hexes          | 3 |  3.2
Dodging        | 2 |  2.1
Stealth        | 3 |  3.2
Fighting       | |  0.4
Short Blades   | |  1.7
Spellcasting   | |  2.2

Action                   || total
-------------------------++-------
Melee: Dagger            ||   137
       Tailslap          ||    10
 Cast: Corona            ||    23
       Tukima's Dance    ||     3
       Ensorcelled Hiber ||     1
  Use: Potion            ||     1
 Stab: Sleeping          ||     4
  Eat: Chunk             ||     1
       Bread ration      ||     1
Armor: Skin              ||    57
Dodge: Dodged            ||   119
